 Dungeon Crawl Stone Soup version 0.21.0-3-g78d12a8 (webtiles) character file.

2184 Suckerboh the Basher (level 9, -1/52 HPs)
             Began as a Gargoyle Gladiator on Jan 11, 2018.
             Was a Believer of Zin.
             Slain by a killer bee (4 damage)
             ... on level 10 of the Dungeon.
             The game lasted 00:07:08 (6135 turns).

Suckerboh the Basher (Gargoyle Gladiator)           Turns: 6135, Time: 00:07:09

Health: -1/52      AC: 15    Str: 17    XL:     9   Next: 33%
Magic:  9/9        EV: 12    Int: 14    God:    Zin [**....]
Gold:   229        SH:  0    Dex: 14    Spells: 8/8 levels left

rFire    . . .     SeeInvis .   a - +0 flail
rCold    . . .     Gourm    .   (no shield)
rNeg     + . .     Faith    .   x - +0 scale mail
rPois    ∞         Spirit   .   c - +0 helmet
rElec    +         Reflect  .   q - +0 cloak
rCorr    .         Harm     .   (no gloves)
MR       .....                  (no boots)
Stlth    ..........             (no amulet)
HPRegen  0.17/turn              u - +4 ring of intelligence
MPRegen  0.11/turn              (no ring)

@: no status effects
A: negative energy resistance 1, electricity resistance, unbreathing,
petrification resistance, rot immunity, AC +6
a: Recite, Vitalisation, Donate Gold, Renounce Religion


You were on level 10 of the Dungeon.
You worshipped Zin.
Zin was pleased with you.
You were near starving.

You visited 2 branches of the dungeon, and saw 9 of its levels.

You collected 254 gold pieces.
You donated 25 gold pieces to Zin.

Inventory:

Hand Weapons
 a - a +0 flail (weapon)
 m - a +0 blowgun
Missiles
 d - 3 throwing nets (quivered)
 n - 17 poisoned needles
Armour
 c - a +0 helmet (worn)
 q - a +0 cloak (worn)
 x - a +0 scale mail (worn)
Jewellery
 u - a +4 ring of intelligence (left hand)
Wands
 t - a wand of iceblast (18)
 y - a wand of enslavement (9)
Scrolls
 e - 3 scrolls of amnesia {unknown}
 g - 2 scrolls of enchant armour {unknown}
 h - 2 scrolls of teleportation {unknown}
 k - 9 scrolls of identify {unknown}
 l - 3 scrolls of noise {unknown}
 o - a scroll of fog {unknown}
 r - 2 scrolls of magic mapping {unknown}
 v - 2 scrolls of remove curse {unknown}
Potions
 b - a potion of ambrosia {unknown}
 j - 2 potions of curing {unknown}
 p - a potion of resistance
 s - a potion of invisibility {unknown}
 w - a potion of lignification {unknown}
 z - a potion of flight {unknown}
Comestibles
 f - 10 rations


   Skills:
 + Level 4.7 Fighting
 * Level 10.2 Maces & Flails
 - Level 1.7 Throwing
 + Level 3.9 Armour
 + Level 4.4 Dodging


You had 8 spell levels left.
You didn't know any spells.

Dungeon Overview and Level Annotations

Branches:
Dungeon (7/15)             Temple (1/1) D:4

Altars:
Ashenzari
Cheibriados
Dithmenos
Elyvilon
Fedhas
Gozag
Hepliaklqana
Makhleb
Nemelex Xobeh
Qazlal
Sif Muna
Trog
Vehumet
Xom
Yredelemnul
Zin
The Shining One


Innate Abilities, Weirdness & Mutations

You are resistant to torment.
Your stone body is resilient. (AC +6)
You are immune to poison.
You resist negative energy. (rN+)
You are resistant to electric shocks. (rElec)
You can survive without breathing.
You are immune to petrification.
You are immune to rotting.


Message History

The killer bee closely misses you. The killer bee stings you.
* * * LOW HITPOINT WARNING * * *
The killer bee completely misses you.
You miss the killer bee.
The killer bee is almost dead.
The killer bee stings you but does no damage. x2
You closely miss the killer bee.
The killer bee is almost dead.
The killer bee stings you but does no damage.
The killer bee barely misses you.
The killer bee stings you but does no damage. x2
You miss the killer bee.
The killer bee is almost dead.
The killer bee stings you.
* * * LOW HITPOINT WARNING * * *
The killer bee barely misses you. x2; The killer bee closely misses you.
You miss the killer bee.
The killer bee is almost dead.
The killer bee stings you.
You die...

### ###.#
#...# ###.#.#
#...#.#
#.###..
#.#######
#..y@yz.#
#.)###.###
#..# #...#
#..###.######.
#.>...z..zy.z.
##.#.#.#......
#.#...+yz....
#.###.# ..###
... ..# .##


You could see 2 killer bees and a wight.

Vanquished Creatures
  A gargoyle (D:10)
  2 sky beasts
  An orc warrior (D:6)
  2 phantoms
  A necrophage (D:5)
  3 ogres
  3 scorpions
  4 killer bees (D:10)
  3 wights (D:10)
  A bullfrog zombie (D:6)
  2 hounds (D:5)
  2 jellies
  An orc wizard (D:6)
  2 bullfrog skeletons
  Ijyb (D:3)
  3 iguanas
  Natasha (D:3)
  8 worker ants
  3 adders
  2 shadow imps
  An adder zombie (D:5)
  A worm (D:3)
  A dart slug (D:5)
  2 leopard geckos
  3 orcs (D:6)
  A ball python (D:3)
  4 giant cockroaches (D:1)
  13 goblins
  4 hobgoblins
  7 jackals
  5 kobolds
  A quokka (D:3)
  4 bats
  4 frilled lizards
  7 rats
104 creatures vanquished.

Notes
Turn   | Place    | Note
-------+----------+-------------------------------------------
     0 | D:1      | Suckerboh the Gargoyle Gladiator began the quest for the Orb.
     0 | D:1      | Reached XP level 1. HP: 12/12 MP: 1/1
   300 | D:1      | Reached XP level 2. HP: 18/18 MP: 2/2
   751 | D:1      | Reached XP level 3. HP: 20/22 MP: 3/3
  1648 | D:3      | Reached skill level 4 in Maces & Flails
  1648 | D:3      | Reached skill level 1 in Armour
  1686 | D:3      | Reached XP level 4. HP: 13/27 MP: 4/4
  1884 | D:3      | Noticed Ijyb
  1885 | D:3      | Found a blossoming altar of Fedhas.
  1925 | D:3      | Killed Ijyb
  2026 | D:3      | Noticed Natasha
  2038 | D:3      | Killed Natasha
  2321 | D:3      | Reached XP level 5. HP: 31/31 MP: 5/5
  2603 | D:4      | Noticed an ogre
  2609 | D:4      | Killed an ogre
  2609 | D:4      | Reached skill level 5 in Maces & Flails
  2609 | D:4      | Reached XP level 6. HP: 36/36 MP: 6/6
  3096 | D:4      | Found a staircase to the Ecumenical Temple.
  3142 | Temple   | Entered the Ecumenical Temple
  3173 | Temple   | Became a worshipper of Zin the Law-Giver
  3173 | Temple   | Reached * piety under Zin
  3365 | D:5      | Entered Level 5 of the Dungeon
  3534 | D:5      | Reached skill level 6 in Maces & Flails
  3621 | D:5      | Noticed a sky beast
  3639 | D:5      | Killed a sky beast
  3639 | D:5      | Reached XP level 7. HP: 28/41 MP: 7/7
  3839 | D:5      | Reached skill level 7 in Maces & Flails
  3921 | D:5      | Reached ** piety under Zin
  4333 | D:5      | Reached XP level 8. HP: 32/46 MP: 8/8
  4713 | D:6      | Reached skill level 8 in Maces & Flails
  5316 | D:6      | Reached skill level 9 in Maces & Flails
  5901 | D:7      | You fall through a shaft for 3 floors!
  5901 | D:10     | Entered Level 10 of the Dungeon
  5910 | D:10     | Noticed a gargoyle
  5929 | D:10     | Killed a gargoyle
  5929 | D:10     | Reached XP level 9. HP: 26/52 MP: 9/9
  6043 | D:10     | Reached skill level 10 in Maces & Flails
  6107 | D:10     | HP: 2/52 [wight/enchanted great sword (5)]
  6135 | D:10     | Slain by a killer bee

Skill      XL: |  1  2  3  4  5  6  7  8  9 |
---------------+----------------------------+-----
Maces & Flails | 4 5 6 7 9 10 | 10.2
Armour         | 1 2 3 |  3.9
Dodging        | 3 4 |  4.4
Fighting       | 3 4 |  4.7
Throwing       | |  1.7

Action                   |  1- 3 |  4- 6 |  7- 9 || total
-------------------------+-------+-------+-------++-------
Melee: Flail             |   131 |   126 |   338 ||   595
  Use: Potion            |       |       |     3 ||     3
  Eat: Chunk             |     2 |     7 |     3 ||    12
       Ration            |       |       |     1 ||     1
Armor: Leather armour    |    60 |    52 |    78 ||   190
       Scale mail        |       |       |    83 ||    83
Dodge: Dodged            |   104 |    84 |   226 ||   414
